 Dungeon Crawl Stone Soup version 0.31-a0-435-g2c6fae2916 (webtiles) character file.

Game seed: 5731045989227313124

0 Ethylacetat the Insei (level 1, 0/11 HPs)
             Began as a Vine Stalker Monk on Aug 1, 2023.
             Slain by a quokka (2 damage)
             ... on level 1 of the Dungeon.
             The game lasted 00:00:14 (28 turns).

Ethylacetat the Insei (Vine Stalker Monk)             Turns: 28, Time: 00:00:15

Health: 0/11       AC:  2    Str: 13    XL:     1   Next: 10%
Magic:  0/2        EV: 12    Int: 10    God:
Gold:   0          SH:  0    Dex: 16    Spells: 0/0 levels left

rFire   . .          .
                       - Unarmed
rCold   . . .        c - orb {light}
rNeg    . . .        a - +0 robe
rPois   .            (no helmet)
rElec   .            (no cloak)
rCorr   .            (no gloves)
SInv    .            (no boots)
Will    .....        (no amulet)
Stlth   +            (no ring)
HPRegen 0.21/turn    (no ring)
MPRegen 0.08/turn

%: guardian spirit
@: glowing
A: fangs 2, magic shield, antimagic bite, no potion heal 2
a: no special abilities


You were on level 1 of the Dungeon.
You visited 1 branch of the dungeon, and saw 1 of its levels.

Inventory:

Armour
 a - a +0 robe (worn)
 c - an orb of light (worn)
Scrolls
 d - a scroll of enchant weapon {unknown}
Potions
 b - a potion of ambrosia


   Skills:
 + Level 2.7 Fighting
 - Level 2.4 Dodging
 + Level 3.0 Unarmed Combat


You couldn't memorise any spells.
You didn't know any spells.
Your spell library was empty.

Dungeon Overview and Level Annotations

Branches:
Dungeon (1/15)

Altars:


Innate Abilities, Weirdness & Mutations

You have extremely sharp teeth.
When hurt, damage is shared between your health and your magic reserves.
Your bite disrupts and absorbs the magic of your enemies.
Potions cannot restore your health.


Message History

You hit the frilled lizard. You bite the frilled lizard.
You kill the frilled lizard!
No target in view!
Found a leather armour.
No target in view!
No target in view!
A quokka and a rat come into view.
There are monsters nearby!
The rat barely misses you.
There are monsters nearby!
You closely miss the quokka. The quokka misses you. The rat bites you.
The quokka bites you.
You closely miss the quokka. Your bite misses the quokka.
The rat closely misses you.
The quokka bites you but does no damage.
You hit the quokka but do no damage. Your bite misses the quokka.
The rat completely misses you. The quokka bites you.
You are too injured to fight recklessly!
You are too injured to fight recklessly!
You are too injured to fight recklessly!
You are too injured to fight recklessly!
There are monsters nearby!
You hit the rat but do no damage. The rat bites you.
The quokka bites you but does no damage.
You hit the rat.
The rat is moderately wounded.
The quokka bites you.
* * * LOW HITPOINT WARNING * * *
The rat bites you but does no damage.
You hit the rat but do no damage.
The rat is moderately wounded.
The quokka bites you. The rat closely misses you.
You hit the rat but do no damage. You bite the rat, but do no damage.
The rat is moderately wounded.
The quokka misses you. The rat closely misses you.
The quokka bites you but does no damage.
You hit the rat. You bite the rat, but do no damage.
The rat is severely wounded.
The rat completely misses you. The quokka bites you.
You die...

#..##....#
#..# #.
#....# #..#
#
###.#####..#
#........#
#..####..#
#. #..#
##..## #..#
#....r##..#
#....r@...#
#.........#
#.........#
.......##..#
...[... #..#
###.### #..#
#. #..# #
#..#


You could see a quokka and a rat.

Vanquished Creatures
  A frilled lizard (D:1)
1 creature vanquished.

Notes
Turn   | Place    | Note
-------+----------+-------------------------------------------
     0 | D:1      | Ethylacetat the Vine Stalker Monk began the quest for the
                  | Orb.
     0 | D:1      | Reached XP level 1. HP: 11/11 MP: 2/2
    28 | D:1      | Slain by a quokka

Illustrated notes

Levels and vault maps discovered:
D:1:      dpeg_arrival_boxes_within_box, layout_rooms

Action                     || total
---------------------------++-------
  Melee: Unarmed           ||    10
         Bite              ||     3
 Armour: Robe              ||     4
  Dodge: Dodged            ||     8

Table legend: (Time is in decaauts)
 A = Elapsed time spent in this place.
 B = Non-inter-level travel time spent in this place.
 C = Inter-level travel time spent in this place.
 D = Time resting spent in this place.
 E = Time spent auto-exploring this place.
 F = Levels seen in this place.
 G = Mean time per level.
                   A        B        C        D        E       F      G
               +--------+--------+--------+--------+--------+-----+--------+
         Total |     27 |     27 |      0 |      0 |     10 |   1 |   27.0 |
       Dungeon |     27 |     27 |      0 |      0 |     10 |   1 |   27.0 |
               +--------+--------+--------+--------+--------+-----+--------+

Top non-repeatable levels by time:
     D:1: 27 daAuts
